 Dungeon Crawl Stone Soup version 0.24-b1-48-gd9db55c (webtiles) character file.

Game seed: 15923878070912587224, levelgen mode: deterministic

63 Fang the Skirmisher (level 4, -2/29 HPs)
             Began as a Gargoyle Berserker on Oct 24, 2019.
             Was a Believer of Trog.
             Slain by a worm (10 damage)
             ... on level 2 of the Dungeon.
             The game lasted 00:01:41 (1365 turns).

Fang the Skirmisher (Gargoyle Berserker)            Turns: 1365, Time: 00:01:41

Health: -2/29      AC:  5    Str: 22    XL:     4   Next: 10%
Magic:  4/4        EV: 12    Int:  7    God:    Trog [**....]
Gold:   39         SH:  0    Dex:  6    Spells: 3/3 levels left

rFire    + . .     SeeInvis .   a - +0 hand axe
rCold    . . .     Gourm    .   (no shield)
rNeg     + . .     Faith    .   b - +0 animal skin
rPois    ∞         Spirit   .   (no helmet)
rElec    +         Reflect  .   r - scarf {repulsion}
rCorr    .         Harm     .   (no gloves)
MR       .....                  (no boots)
Stlth    +.........             g - amulet of magic regeneration
HPRegen  0.09/turn              n - ring of protection from fire
MPRegen  0.34/turn              o - -3 ring of dexterity (curse)

@: berserk cooldown, repel missiles
A: negative energy resistance 1, electricity resistance, unbreathing,
petrification resistance, rot immunity, AC +3
a: Berserk, Trog's Hand, Renounce Religion


You were on level 2 of the Dungeon.
You worshipped Trog.
Trog was pleased with you.
You were very hungry.

You visited 1 branch of the dungeon, and saw 2 of its levels.

You collected 39 gold pieces.

Inventory:

Hand Weapons
 a - a +0 hand axe (weapon)
Armour
 b - a +0 animal skin (worn)
 r - a scarf of repulsion (worn)
Jewellery
 g - an amulet of magic regeneration (around neck)
 n - a ring of protection from fire (left hand)
 o - a cursed -3 ring of dexterity (right hand)
 s - an uncursed ring of stealth
Scrolls
 e - 3 scrolls of blinking {unknown}
 f - 3 scrolls of identify {unknown}
 i - a scroll of random uselessness {unknown}
 j - 2 scrolls of magic mapping {unknown}
 k - a scroll of fog {unknown}
 l - a scroll of remove curse {unknown}
Potions
 h - a potion of lignification {unknown}
 m - a potion of mutation {unknown}
 p - a potion of haste {unknown}
 q - a potion of agility {unknown}
Comestibles
 c - 5 rations


   Skills:
 + Level 3.9 Fighting
 + Level 3.2 Axes
 + Level 3.0 Armour
 + Level 2.1 Dodging


You had 3 spell levels left.
You didn't know any spells.
Your spell library was empty.

Dungeon Overview and Level Annotations

Branches:
Dungeon (2/15)

Altars:
Qazlal


Innate Abilities, Weirdness & Mutations

You are resistant to torment.
Your stone body is resilient. (AC +3)
You are immune to poison.
You resist negative energy. (rN+)
You are resistant to electric shocks. (rElec)
You can survive without breathing.
You are immune to petrification.
You are immune to rotting.


Message History

You feel your anger nearly subside.
You are no longer berserk.
You are exhausted.
You feel yourself slow down.
You start resting.
A worm comes into view.
A worm is nearby!
A worm is nearby!
A worm is nearby!
You are too injured to fight recklessly!
You are too injured to fight recklessly!
You are too injured to fight recklessly!
You are too injured to fight recklessly!
You start resting.
You feel yourself speed up. The worm bites you!
* * * LOW HITPOINT WARNING * * *
You hit the worm.
The worm is moderately wounded.
The worm bites you!
You die...

##########
#..... ..####
##.#...##....#
......:..@...#
#####
.#.#...##w...#
#....
######.#)##
#.###
.........##
#.#
#####.#.#.#
#####.###
#.#.#.#
#........
#.#.#.#
#.###.###
##...## #.#
#.# # ##.##
#.# #.# #


You could see a worm.

Vanquished Creatures
  A hound (D:2)
  A leopard gecko (D:1)
  5 bats
  2 goblins (D:1)
  5 hobgoblins
  4 jackals (D:1)
  2 quokkas (D:2)
  3 frilled lizards
  5 kobolds
  4 rats
32 creatures vanquished.

Notes
Turn   | Place    | Note
-------+----------+-------------------------------------------
     0 | D:1      | Fang the Gargoyle Berserker began the quest for the Orb.
     0 | D:1      | Reached XP level 1. HP: 14/14 MP: 1/1
   124 | D:1      | Reached XP level 2. HP: 16/19 MP: 2/2
   874 | D:2      | Found a faded altar of an unknown god.
   886 | D:2      | Reached ** piety under Trog
   886 | D:2      | Reached XP level 3. HP: 18/23 MP: 3/3
  1017 | D:2      | Found a stormy altar of Qazlal.
  1338 | D:2      | Reached XP level 4. HP: 18/29 MP: 4/4
  1365 | D:2      | Slain by a worm

Skill      XL: |  1  2  3 |
---------------+----------+-----
Axes           | 3 |  3.2
Dodging        | 2 |  2.1
Armour         | 3 |  3.0
Fighting       | |  3.9

Action                   |  1- 3 |  4- 6 || total
-------------------------+-------+-------++-------
Melee: Hand axe          |   125 |     1 ||   126
Invok: Berserk           |     2 |       ||     2
 Stab: Sleeping          |     1 |       ||     1
  Eat: Chunk             |     2 |       ||     2
Armor: Animal skin       |    61 |       ||    61
Dodge: Dodged            |   112 |       ||   112
